 Dungeon Crawl Stone Soup version 0.31-a0-455-g1a7b003ef0 (webtiles) character file.

Game seed: 5832107416440950401

31 ytrimaz the Ruffian (level 3, -2/26 HPs)
             Began as a Demonspawn Shapeshifter on Aug 4, 2023.
             Slain by an adder (3 damage)
             ... on level 2 of the Dungeon.
             The game lasted 00:00:53 (942 turns).

ytrimaz the Ruffian (Demonspawn Shapeshifter)        Turns: 942, Time: 00:00:53

Health: -2/26      AC:  2    Str: 17    XL:     3   Next: 7%
Magic:  3/3        EV: 12    Int:  9    God:
Gold:   15         SH:  0    Dex: 13    Spells: 2/2 levels left

rFire   . .          .
                       - Unarmed
rCold   . . .        (no shield)
rNeg    . . .        a - +0 animal skin
rPois   .            (helmet currently unavailable)
rElec   .            (cloak currently unavailable)
rCorr   +            (gloves currently unavailable)
SInv    .            (boots currently unavailable)
Will    .....        (no amulet)
Stlth   +            h - ring of resist corrosion
HPRegen 0.24/turn    (no ring)
MPRegen 0.08/turn

%: no passive effects
@: lethally poisoned (-2 -> -5), beast-form
A: beast (slay +2), demonic guardian 1
a: Begin Untransformation


You were on level 2 of the Dungeon.
You were a hulking beast.
You visited 1 branch of the dungeon, and saw 2 of its levels.

You collected 15 gold pieces.


Innate Abilities, Weirdness & Mutations

You are a hulking beast.
Your limbs bulge with bestial killing power. (Slay +2)
A weak demonic guardian rushes to your aid.


   Skills:
 - Level 1.0 Fighting
 - Level 1.7 Dodging
 + Level 3.3 Unarmed Combat
 + Level 3.1 Shapeshifting


You had 2 spell levels left.
You didn't know any spells.
Your spell library contained the following spells:

 Spells                   Type           Power      Damage    Failure   Level
 Ignite Poison            Fire/Tmut/Pois 0%         N/A       77%         3
 Sticky Flame             Conj/Fire      0%         2d3       99%         4
 Ignition                 Fire           0%         3d3       100%        8

Inventory:

Missiles
 i - 2 throwing nets
Armour
 a - a +0 animal skin (worn)
Jewellery
 h - a ring of resist corrosion (left hand)
   (You found it on level 1 of the Dungeon)
Talismans
 c - a beast talisman (active)
Scrolls
 d - 2 scrolls of identify {unknown}
 f - a scroll of noise {unknown}
 g - a scroll of vulnerability {unknown}
Potions
 b - a potion of lignification
 e - 2 potions of attraction {unknown}

Dungeon Overview and Level Annotations

Branches:
Dungeon (2/15) Zot: 11059

Altars:

.. #.# #. #..#.
#. ##..... ..
....... #.
.≈~~~.# ##.###.
~.~~~..
.......##5~~~~..
#.hSZ.~S~J.
#.K#S.P....
#..#..##...
(.....g# .
.........
#...........
#..........#.
#..........#..


You could see 2 adders, an adder zombie (ally target), an endoplasm, a ball
python, a kobold and a friendly white imp (summoned).


Message History

Key pressed, stopping explore.
Unknown command.
Found a stone staircase leading down. 😎 HP[+1]
Your hp is fully restored (21).
Key pressed, stopping explore.
Key pressed, stopping explore.
Key pressed, stopping explore.
Key pressed, stopping explore.
You see here a +0 robe.
Key pressed, stopping explore.
You see here a +0 robe.
Key pressed, stopping explore.
Done exploring.
Done exploring.
Done exploring.
Done exploring.
You see here a +0 mace.
There is a stone staircase leading down here.
You climb downwards.
The adder hisses angrily. x2; The kobold shouts!
There is a stone staircase leading up here.
There are monsters nearby!
You barely miss the adder. The adder closely misses you.
You punch the adder! The adder bites you.
A ball python comes into view.
The adder zombie bites you. 😕 HP[-4]
You take 4 damage, and now have 17/21 hp.
The ball python hisses angrily.
You hit the adder.
You kill the adder!
A hobgoblin comes into view.
The adder zombie closely misses you.
You have reached level 3!
Your experience leads to an increase in your attributes!
Increase (S)trength, (I)ntelligence, or (D)exterity?
You feel stronger. x2 😕 HP[+5] MP[+1]
You now have 26 max hp (+5).
You regained 5 hp, and now have 22/26 hp.
Your mp is fully restored (3).
The hobgoblin shouts!
You hit the adder zombie. The adder zombie misses you.
You barely miss the adder zombie. The adder bites you.
The adder zombie barely misses you. 😮 HP[-3]
You take 3 damage, and now have 19/26 hp.
You are too injured to fight recklessly!
You are too injured to fight recklessly!
You are too injured to fight recklessly!
You are too injured to fight recklessly!
You are too injured to fight recklessly!
You are too injured to fight recklessly!
You are too injured to fight recklessly!
You are too injured to fight recklessly!
You are too injured to fight recklessly!
You are too injured to fight recklessly!
You are too injured to fight recklessly!
You are too injured to fight recklessly!
You are too injured to fight recklessly!
You are too injured to fight recklessly!
You are too injured to fight recklessly!
You are too injured to fight recklessly!
Unknown command.
You hit the adder zombie. The adder barely misses you.
The adder zombie closely misses you.
You closely miss the adder zombie. The adder bites you.
You are poisoned.
The adder poisons you!
An adder comes into view.
The adder zombie completely misses you. 😮 HP[-2]
You take 2 damage, and now have 17/26 hp.
The adder hisses angrily.
You hit the adder zombie.
You feel sick. The adder bites you but does no damage.
The kobold hits you with a +0 whip.
A demonic guardian appears!
An endoplasm comes into view.
The adder zombie bites you.
* * * LOW HITPOINT WARNING * * *
The ball python bites you.
* * * LOW HITPOINT WARNING * * *
The ball python closely misses you. 😨 HP[-6]
You take 6 damage, and now have 11/26 hp.
MASSIVE DAMAGE!! (PAUSE)
The ball python attacks as you move away!
The ball python bites you but does no damage.
The ball python closely misses you.
You feel sick. The kobold hits you with a +0 whip.
* * * LOW HITPOINT WARNING * * *
The adder misses you. 😱 HP[-6]
You take 6 damage, and now have 5/26 hp.
MASSIVE DAMAGE!! (PAUSE)
The kobold attacks as you move away! The kobold hits you with a +0 whip.
* * * LOW HITPOINT WARNING * * *
The adder attacks as you move away! The adder bites you.
You die...

Skill      XL: |  1  2 |
---------------+-------+-----
Unarmed Combat | 3 |  3.3
Shapeshifting  | 3 |  3.1
Fighting       | |  1.0
Dodging        | |  1.7

Action                     || total
---------------------------++-------
  Melee: Unarmed           ||    51
         Punch             ||     1
   Stab: Sleeping          ||     2
 Armour: Animal skin       ||    14
  Dodge: Dodged            ||    42

Levels and vault maps discovered:
D:1:      minmay_arrival_glassed_features, layout_basic, serial_forest,
          infiniplex_forest_lined_3, infiniplex_forest_straight_1,
          infiniplex_forest_clump_tiny, infiniplex_forest_corner_1,
          infiniplex_forest_straight_3, serial_bayou_pond_d
D:2:      layout_rooms, serial_undead, serial_undead_c, serial_undead_e,
          serial_undead_f, serial_undead_a

Notes
Turn   | Place    | Note
-------+----------+-------------------------------------------
     0 | D:1      | ytrimaz the Demonspawn Shapeshifter began the quest for the
                  | Orb.
     0 | D:1      | Reached XP level 1. HP: 15/15 MP: 1/1
     0 | D:1      | magus.rc [v1.9.6]
    41 | D:1      | You add the spells Ignite Poison, Sticky Flame and Ignition
                  | to your library.
   253 | D:1      | Reached skill level 3 in Unarmed Combat
   253 | D:1      | Gained mutation: A weak demonic guardian rushes to your
                  | aid. [demonic ancestry]
   253 | D:1      | Reached XP level 2. HP: 18/21 MP: 2/2
   485 | D:1      | Reached skill level 3 in Shapeshifting
   936 | D:2      | Reached XP level 3. HP: 22/26 MP: 3/3
   941 | D:2      | HP: 5/26 [kobold/+0 whip (5)]
   942 | D:2      | HP: 1/26 [kobold/+0 whip (4)]
   942 | D:2      | Slain by an adder

Vanquished Creatures
  An adder (D:2)
  2 dart slugs (D:1)
  A ball python (D:1)
  2 endoplasms (D:1)
  A giant cockroach (D:1)
  A hobgoblin (D:1)
  2 kobolds (D:1)
  2 quokkas (D:1)
  2 goblins (D:1)
14 creatures vanquished.

Vanquished Creatures (collateral kills)
  A hobgoblin (D:1)
  A bat (D:1)
2 creatures vanquished.

Grand Total: 16 creatures vanquished

Table legend:
 A = Non-vault XP
 B = Vault XP
 C = Vault XP percentage of total XP
 D = Non-vault monster count
 E = Vault monster count
 F = Vault count percentage of total count
                 A         B        C        D         E       F
            +---------+---------+-------+---------+---------+-------
      Total |      45 |       0 |   0.0 |      16 |       0 |   0.0
            +---------+---------+-------+---------+---------+-------
        D:1 |      31 |       0 |   0.0 |      15 |       0 |   0.0
        D:2 |      14 |       0 |   0.0 |       1 |       0 |   0.0
            +---------+---------+-------+---------+---------+-------

Skill      XL: |  1  2 |
---------------+-------+-----
Unarmed Combat | 3 |  3.3
Shapeshifting  | 3 |  3.1
Fighting       | |  1.0
Dodging        | |  1.7

Action                     || total
---------------------------++-------
  Melee: Unarmed           ||    51
         Punch             ||     1
   Stab: Sleeping          ||     2
 Armour: Animal skin       ||    14
  Dodge: Dodged            ||    42

Illustrated notes

Table legend:
 A = Kills in this place as a percentage of kills in the entire game.
 B = Kills by you in this place as a percentage of kills by you in the entire game.
 C = Kills by friends in this place as a percentage of kills by friends in the entire game.
 D = Other kills in this place as a percentage of other kills in the entire game.
 E = Experience gained in this place as a percentage of experience gained in the entire game.
 F = Experience gained in this place divided by the number of levels of this place that you have seen.
                   A       B       C       D       E      F
               +-------+-------+-------+-------+-------+----------------------
         Total | 100.0 | 100.0 | 100.0 |   N/A | 100.0 |  22.5
       Dungeon | 100.0 | 100.0 | 100.0 |   N/A | 100.0 |  22.5
               +-------+-------+-------+-------+-------+----------------------

Table legend: (Time is in decaauts)
 A = Elapsed time spent in this place.
 B = Non-inter-level travel time spent in this place.
 C = Inter-level travel time spent in this place.
 D = Time resting spent in this place.
 E = Time spent auto-exploring this place.
 F = Levels seen in this place.
 G = Mean time per level.
                   A        B        C        D        E       F      G
               +--------+--------+--------+--------+--------+-----+--------+
         Total |    940 |    870 |     70 |      0 |    742 |   2 |  470.0 |
       Dungeon |    940 |    870 |     70 |      0 |    742 |   2 |  470.0 |
               +--------+--------+--------+--------+--------+-----+--------+

Top non-repeatable levels by time:
     D:1: 931 daAuts
     D:2: 9 daAuts
